 Dungeon Crawl Stone Soup version 0.28-a0-983-g1de4e0787c (webtiles) character file.

Game seed: 11110144505877273506

30 Anon1729 the Poker (level 3, -4/30 HPs)
             Began as a Merfolk Monk on Dec 2, 2021.
             Slain by Natasha (7 damage)
             ... on level 2 of the Dungeon.
             The game lasted 00:01:18 (1207 turns).

Anon1729 the Poker (Merfolk Monk)                   Turns: 1207, Time: 00:01:18

Health: -4/30      AC:  2    Str: 11    XL:     3   Next: 18%
Magic:  3/3        EV: 14    Int:  9    God:
Gold:   22         SH:  0    Dex: 18    Spells: 2/2 levels left

rFire   . . .      SeeInvis .   a - +0 spear
rCold   . . .      Faith    .   (no shield)
rNeg    . . .      Spirit   .   b - +0 robe
rPois   .          Reflect  .   (no helmet)
rElec   .          Harm     .   (no cloak)
rCorr   .          Rampage  .   (no gloves)
Will    .....                   (no boots)
Stlth   ++........              (no amulet)
HPRegen 0.10/turn               (no ring)
MPRegen 0.08/turn               (no ring)

@: no status effects
A: (nimble swimmer 2), mertail
a: no special abilities


You were on level 2 of the Dungeon.
You visited 1 branch of the dungeon, and saw 2 of its levels.

You collected 22 gold pieces.

Inventory:

Hand Weapons
 a - a +0 spear (weapon)
Missiles
 e - 4 atropa-tipped darts (quivered)
 g - 17 poisoned darts
Armour
 b - a +0 robe (worn)
Scrolls
 c - a scroll of holy word {unknown}
 f - a scroll of blinking {unknown}
Potions
 d - a potion of degeneration {unknown}


   Skills:
 + Level 3.6 Fighting
 + Level 4.9 Polearms
 + Level 4.4 Dodging
 + Level 2.8 Stealth


You had 2 spell levels left.
You didn't know any spells.
Your spell library contained the following spells:

 Spells                   Type           Power      Damage    Failure   Level
 Foxfire                  Conj/Fire      0%         2x1d4     38%         1
 Conjure Flame            Conj/Fire      0%         6-21      77%         3
 Inner Flame              Hex/Fire       0%         N/A       77%         3
 Flame Wave               Conj/Fire      0%         2d4       99%         4


Dungeon Overview and Level Annotations

Branches:
Dungeon (2/15)

Altars:

Shops:
D:1 ?

Annotations:
D:2 Natasha


Innate Abilities, Weirdness & Mutations

((You are quick and stealthy near water. (Stealth+, EV+, Speed+++)))
Your lower body shifts to a powerful aquatic tail in water.


Message History

You kill the hobgoblin!
No target in view!
Found a hunting sling.
Things that are here:
17 poisoned darts; a giant cockroach corpse
g - 17 poisoned darts You see here a +0 hunting sling.
You open the door.
There is an open door here.
Natasha, Servant of Life and Death comes into view.
Natasha is nearby!
Natasha is nearby!
Natasha is nearby!
Natasha hisses angrily.
You hear a shout!
Natasha casts a spell at you.
You feel yourself slow down.
You barely miss Natasha. Natasha completely misses you.
You hit Natasha but do no damage. Natasha claws you.
Natasha mumbles some strange words.
You hit Natasha but do no damage. Natasha closely misses you.
Natasha growls.
Natasha misses you.
Natasha stares at you and mumbles some strange words.
You resist with significant effort. Natasha casts a spell at you.
The magic dart hits you. The crimson imp misses you. The crimson imp hits you.
Natasha mumbles some strange words.
You feel yourself speed up.
Natasha casts a spell.
The crimson imp misses you. The white imp gestures at you.
The puff of frost hits you! The white imp gestures at you.
The puff of frost hits you!
* * * LOW HITPOINT WARNING * * *
There is a stone staircase leading up here.
Natasha claws you!
You die...

### .. #####. #.....######
#.####.....#
..#######......5##.#
..............5h@#.#
..............5..#.#
.................#.#
.................#.#############
.................#[#...........#
..........####'###.#.########.##
..........# #.............##.#
..........########.#.#####.##.#
..........##.......#.......##.#


You could see Natasha, a crimson imp (summoned) and 2 white imps.

Vanquished Creatures
  A worm (D:2)
  4 bats
  2 endoplasms (D:1)
  A giant cockroach (D:2)
  4 hobgoblins
  4 jackals (D:1)
  3 kobolds (D:1)
  A ball python (D:1)
  A frilled lizard (D:1)
  2 rats (D:1)
23 creatures vanquished.

Notes
Turn   | Place    | Note
-------+----------+-------------------------------------------
     0 | D:1      | Anon1729 the Merfolk Monk began the quest for the Orb.
     0 | D:1      | Reached XP level 1. HP: 18/18 MP: 1/1
   371 | D:1      | Reached XP level 2. HP: 23/24 MP: 2/2
   385 | D:1      | Found Qenizango's Magic Scroll Emporium.
   958 | D:2      | Reached XP level 3. HP: 16/30 MP: 3/3
  1190 | D:2      | Noticed Natasha
  1207 | D:2      | Slain by Natasha

Illustrated notes

Levels and vault maps discovered:
D:1:      minmay_arrival_diagonal_passages, layout_loops_cross, serial_shops,
          shop, serial_forest, infiniplex_forest_pool,
          infiniplex_forest_lined_room_2, infiniplex_forest_clump_curved,
          infiniplex_forest_lined_2, infiniplex_forest_straight_3
D:2:      layout_basic, basic_altar, uniq_natasha, uniq_jessica

Action                   || total
-------------------------++-------
Melee: Spear             ||   119
 Stab: Sleeping          ||     3
Armor: Robe              ||    16
Dodge: Dodged            ||    66

Table legend: (Time is in decaauts)
 A = Elapsed time spent in this place.
 B = Non-inter-level travel time spent in this place.
 C = Inter-level travel time spent in this place.
 D = Time resting spent in this place.
 E = Time spent auto-exploring this place.
 F = Levels seen in this place.
 G = Mean time per level.
                   A        B        C        D        E       F      G
               +--------+--------+--------+--------+--------+-----+--------+
         Total |   1194 |   1183 |     11 |    135 |    843 |   2 |  597.0 |
       Dungeon |   1194 |   1183 |     11 |    135 |    843 |   2 |  597.0 |
               +--------+--------+--------+--------+--------+-----+--------+

Top non-repeatable levels by time:
     D:1: 926 daAuts
     D:2: 268 daAuts
